Phantoms vs Americans

Created - Thursday, March 10, 2016 at 03:39

Goals
1 2 3 OT1 SO T
Phantoms 0 0 1 0 1 2
Americans 0 1 0 0 0 1
Shots
1 2 3 OT1 SO T
Phantoms 16 8 8 2 3 34
Americans 13 7 12 1 3 33

1st period

No Goal

Penalties :
Tim Jackman (RCH) for Fighting (Major) at 0:06, Deryk Engelland (LEH) for Fighting (Major) at 0:06, Jake Chelios (RCH) for Interference (Minor) at 1:08, Chris Breen (RCH) for Fighting (Major) at 7:49, Deryk Engelland (LEH) for Fighting (Major) at 7:49, Dylan DeMelo (RCH) for Roughing (Minor) at 10:15, Tim Jackman (RCH) for Fighting (Major) at 17:34, Tom Sestito (LEH) for Fighting (Major) at 17:34, Tom Sestito (LEH) for instigated a fight (Minor) at 17:34, Tom Sestito (LEH) for instigated a fight (10 Minutes Misconduct) at 17:34

2nd period

1. Americans , Grant Clitsome 15 (Nick Drazenovic, Spencer Abbott) at 4:22

Penalties :
Chris Neil (LEH) for Holding (Minor) at 0:25, Patrick Bordeleau (RCH) for Fighting (Major) at 5:46, Stephen Johns (LEH) for Fighting (Major) at 5:46, Tim Jackman (RCH) for Interference (Minor) at 10:08, Chris Breen (RCH) for Fighting (Major) at 13:58, Stephen Johns (LEH) for Fighting (Major) at 13:58, Daniel Maggio (RCH) for Hooking (Minor) at 18:38

3rd period

2. Phantoms , Chris Neil 18 (Garrett Wilson, Byron Froese) at 15:31

Penalties :
Dylan DeMelo (RCH) for Tripping (Minor) at 1:24, Tim Jackman (RCH) for Fighting (Major / Game Misconduct) at 7:59, Stephen Johns (LEH) for Fighting (Major / Game Misconduct) at 7:59, Stephen Johns (LEH) for instigated a fight (Minor) at 7:59, Stephen Johns (LEH) for instigated a fight (10 Minutes Misconduct) at 7:59, Patrick Bordeleau (RCH) for Fighting (Major) at 12:53, Tom Sestito (LEH) for Fighting (Major) at 12:53, Garrett Noonan (RCH) for Fighting (Major) at 13:49, Erik Burgdoerfer (LEH) for Fighting (Major) at 13:49, Chris Breen (RCH) for Fighting (Major / Game Misconduct) at 15:27, Deryk Engelland (LEH) for Fighting (Major / Game Misconduct) at 15:27

Overtime #1

No Goal

Penalties :
No Penalty

Shootout

Penalty Shot by Garrett Wilson for Phantoms - Goal!
Penalty Shot by Marc-Andre Cliche for Americans - Stopped by Marek Mazanec
Penalty Shot by Chris Neil for Phantoms - Stopped by Petr Mrazek
Penalty Shot by Nick Drazenovic for Americans - Shot Misses the Net
Penalty Shot by Byron Froese for Phantoms - Shot Misses the Net
Penalty Shot by Spencer Abbott for Americans - Stopped by Marek Mazanec

Penalties :
No Penalty

Goalie Stats

Marek Mazanec (LEH), 32 saves from 33 shots - (0.970), W, 33-16-21, 65:00 minutes
Petr Mrazek (RCH), 33 saves from 34 shots - (0.971), OTL, 20-5-5, 65:00 minutes

Players Stats for Phantoms

Player Name              G  A  P  +/- PIM S  H  SB GA TA FO     MP     PP MP  PK MP  
------------------------------------------------------------------------------------
Bryan Lerg               0  0  0   0  0   3  1  4  3  0  6/14   21:08   4:38   1:17 
Byron Froese             0  1  1   1  0   3  2  1  1  0  11/22  23:10   5:17   4:19 
Chris Langkow            0  0  0   0  0   1  0  0  2  0  2/9    14:35   0:22   0:00 
Chris Neil               1  0  1   0  2   2  3  1  1  2  1/4    26:14   5:17   2:19 
Cody Bass                0  0  0   0  0   0  3  0  0  0  1/4    18:21   4:38   0:00 
Denver Manderson         0  0  0  -1  0   0  0  0  0  0  1/1     5:42   0:00   0:00 
Deryk Engelland          0  0  0  -1  25  2  1  2  1  2  0/0    20:58   2:54   3:27 
Erik Burgdoerfer         0  0  0   0  5   1  0  2  1  3  0/0    21:36   3:45   0:00 
FARM PLAYER10            0  0  0   0  0   0  0  1  0  0  0/1    15:59   0:15   1:06 
Garrett Wilson           0  1  1   1  0   5  0  1  4  0  0/2    18:34   5:17   1:17 
Justin Mercier           0  0  0   0  0   5  1  0  2  0  0/0    12:32   0:00   0:00 
Keegan Lowe              0  0  0   0  0   3  4  1  0  1  0/0    24:32   4:21   2:30 
Martin Gernat            0  0  0   0  0   2  0  3  0  1  0/0    31:29   5:34   3:27 
Mitch Moroz              0  0  0   0  0   0  1  2  0  0  1/4     8:40   0:38   0:00 
Nathan Longpre           0  0  0  -1  0   1  1  0  1  0  4/7     9:05   0:00   1:36 
Stephen Johns            0  0  0   0  37  2  0  2  1  1  0/0    13:15   3:01   1:28 
Steve McCarthy           0  0  0   1  0   1  3  1  0  2  0/0    15:58   0:00   1:02 
Tom Sestito              0  0  0   0  22  3  2  0  2  2  0/2    12:32   3:38   0:00 

Players Stats for Americans

Player Name              G  A  P  +/- PIM S  H  SB GA TA FO     MP     PP MP  PK MP  
------------------------------------------------------------------------------------
Chris Breen              0  0  0   1  25  0  0  1  0  1  0/0    20:42   2:35   4:22 
Daniel Maggio            0  0  0   0  2   0  0  0  0  0  0/0    16:27   0:00   2:59 
Dany Heatley             0  0  0   0  0   0  3  1  4  0  1/1    15:52   3:11   3:44 
Dylan DeMelo             0  0  0   0  4   0  1  2  0  0  0/0    23:27   3:22   2:50 
Garrett Noonan           0  0  0   0  5   0  1  1  1  1  0/0    23:03   3:22   4:28 
Grant Clitsome           1  0  1   0  0   9  4  2  3  4  0/0    31:03   2:35   5:27 
Jake Chelios             0  0  0  -1  2   1  0  2  0  0  0/0    16:37   0:00   0:00 
Jerome Samson            0  0  0   0  0   1  0  1  1  0  0/1    18:51   0:00   3:17 
Justin Hodgman           0  0  0  -1  0   3  0  0  4  0  8/11   18:01   0:31   0:00 
Kevin Sundher            0  0  0   0  0   0  2  0  0  0  0/3     4:53   0:00   0:00 
Marc-Andre Cliche        0  0  0  -1  0   0  1  3  2  2  17/30  26:14   3:11   5:52 
Nick Drazenovic          0  1  1   1  0   5  2  1  1  0  16/21  18:44   2:46   0:18 
Nick Sorkin              0  0  0   0  0   3  2  2  0  2  1/1    15:39   0:00   0:18 
Patrick Bordeleau        0  0  0   1  10  4  1  0  5  0  0/1    17:17   2:46   3:03 
Petri Kontiola           0  0  0  -1  0   0  4  0  0  0  0/1    12:23   2:40   0:00 
Ruslan Fedotenko         0  0  0   0  0   0  1  0  0  1  0/0     4:53   0:00   0:00 
Spencer Abbott           0  1  1   1  0   4  0  0  0  2  0/0    15:50   2:46   0:00 
Tim Jackman              0  0  0   0  27  3  3  0  0  0  0/0    11:08   0:00   3:54 

3 Stars

1 - Petr Mrazek (RCH)
2 - Marek Mazanec (LEH)
3 - Grant Clitsome (RCH)

Power Play

Phantoms - 0 on 5 Attempt(s) - 0.00%
Americans - 0 on 3 Attempt(s) - 0.00%

Penalty Kill

Phantoms - 3 on 3 Attempt(s) - 100.00% - Score 0 goal in Penalty Kill
Americans - 5 on 5 Attempt(s) - 100.00% - Score 0 goal in Penalty Kill

Team Stat

Phantoms - Hits : 22 - Faceoff Wins : 27 - Blocked Shots : 21 - Penalty Minutes : 91
Americans - Hits : 25 - Faceoff Wins : 43 - Blocked Shots : 16 - Penalty Minutes : 75

Official

Referees : Unknown
Linesman : Unknown

Game Notes

Deryk Engelland beats up Tim Jackman at 0:06 of 1st period
Deryk Engelland beats up Chris Breen at 7:49 of 1st period
Tim Jackman and Tom Sestito fight to a draw at 17:34 of 1st period
Stephen Johns beats up Patrick Bordeleau at 5:46 of 2nd period
Chris Breen and Stephen Johns fight to a draw at 13:58 of 2nd period
Stephen Johns beats up Tim Jackman at 7:59 of 3rd period
Tim Jackman ejected from game at 7:59 of 3rd period
Tim Jackman from Americans is suspended for 1 game(s)
Stephen Johns ejected from game at 7:59 of 3rd period
Tom Sestito beats up Patrick Bordeleau at 12:53 of 3rd period
Garrett Noonan and Erik Burgdoerfer fight to a draw at 13:49 of 3rd period
Dany Heatley is injured at 14:57 of 3rd period (Sore Right Knee)
Chris Breen and Deryk Engelland fight to a draw at 15:27 of 3rd period
Chris Breen ejected from game at 15:27 of 3rd period
Deryk Engelland ejected from game at 15:27 of 3rd period

Finance

Level 1 -- Attendance: 1400 (70.00%) -- Ticket Income $28,000
Level 2 -- Attendance: 806 (80.60%) -- Ticket Income $6,448
Total Attendance: 2206 (73.53%)
Total Ticket Income: $34,448
Other Income: $16,880
Total Income: $51,328

Phantoms

5 vs 5 Forward 
   Center                   Left Wing                Right Wing               Time % Phy DF OF 
 1 Byron Froese             Garrett Wilson           Chris Neil               35     1   2  2  
 2 Bryan Lerg               Tom Sestito              Cody Bass                30     1   2  2  
 3 Chris Langkow            Justin Mercier           FARM PLAYER10            22     1   2  2  
 4 Nathan Longpre           Denver Manderson         Chris Neil               13     1   2  2  

5 vs 5 Defense 
   Defense                  Defense                                           Time % Phy DF OF 
 1 Deryk Engelland          Martin Gernat                                     35     1   2  2  
 2 Stephen Johns            Keegan Lowe                                       30     1   2  2  
 3 Erik Burgdoerfer         Steve McCarthy                                    22     1   2  2  
 4 Deryk Engelland          Martin Gernat                                     13     1   2  2  

PowerPlay Forward 
   Center                   Left Wing                Right Wing               Time % Phy DF OF 
 1 Byron Froese             Garrett Wilson           Chris Neil               60     1   2  2  
 2 Bryan Lerg               Tom Sestito              Cody Bass                40     1   2  2  

PowerPlay Defense
   Defense                  Defense                                           Time % Phy DF OF 
 1 Deryk Engelland          Martin Gernat                                     60     1   2  2  
 2 Stephen Johns            Keegan Lowe                                       40     1   2  2  

Penalty Kill 4 Players Forward 
   Center                   Wing                     Time % Phy DF OF 
 1 Chris Neil               Byron Froese             60     1   2  2  
 2 Garrett Wilson           Bryan Lerg               40     1   2  2  

Penalty Kill 4 Players Defense
   Defense                  Defense                  Time % Phy DF OF 
 1 Deryk Engelland          Martin Gernat            60     1   2  2  
 2 Stephen Johns            Keegan Lowe              40     1   2  2  

Penalty Kill - 3 Players Forward 
   Forward                                           Time % Phy DF OF 
 1 Chris Neil                                        60     1   2  2  
 2 Byron Froese                                      40     1   2  2  

Penalty Kill - 3 Players Defense
   Defense                  Defense                  Time % Phy DF OF 
 1 Deryk Engelland          Martin Gernat            60     1   2  2  
 2 Stephen Johns            Keegan Lowe              40     1   2  2  

4 vs 4 Forward 
   Center                   Wing                     Time % Phy DF OF 
 1 Chris Neil               Byron Froese             60     1   2  2  
 2 Garrett Wilson           Bryan Lerg               40     1   2  2  

4 vs 4 Defense
   Defense                  Defense                  Time % Phy DF OF 
 1 Deryk Engelland          Martin Gernat            60     1   2  2  
 2 Stephen Johns            Keegan Lowe              40     1   2  2  

Last Minutes Offensive
   Center                   Left Wing                Right Wing               Defense                  Defense                  
   Byron Froese             Garrett Wilson           Chris Neil               Deryk Engelland          Martin Gernat            

Last Minutes Defensive
   Center                   Left Wing                Right Wing               Defense                  Defense                  
   Byron Froese             Garrett Wilson           Chris Neil               Deryk Engelland          Martin Gernat            

Goaltenders
Starting : Marek Mazanec            
Backup : Laurent Brossoit         

Extra Forwards
Normal : Mitch Moroz, Chris Langkow, Nathan Longpre - PP : Mitch Moroz, Chris Langkow - PK : Nathan Longpre
Extra Defensemen
Normal : Erik Burgdoerfer, Steve McCarthy, FARM PLAYER10 - PP : Erik Burgdoerfer - PK : Steve McCarthy, FARM PLAYER10
Penalty Shots
Deryk Engelland, Chris Neil, Byron Froese, Garrett Wilson, Bryan Lerg

Americans

5 vs 5 Forward 
   Center                   Left Wing                Right Wing               Time % Phy DF OF 
 1 Marc-Andre Cliche        Dany Heatley             Tim Jackman              35     1   2  2  
 2 Nick Drazenovic          Patrick Bordeleau        Spencer Abbott           30     1   2  2  
 3 Justin Hodgman           Nick Sorkin              Jerome Samson            22     1   2  2  
 4 Kevin Sundher            Ruslan Fedotenko         Marc-Andre Cliche        13     1   2  2  

5 vs 5 Defense 
   Defense                  Defense                                           Time % Phy DF OF 
 1 Grant Clitsome           Chris Breen                                       35     1   2  2  
 2 Dylan DeMelo             Garrett Noonan                                    30     1   2  2  
 3 Jake Chelios             Daniel Maggio                                     22     1   2  2  
 4 Grant Clitsome           Chris Breen                                       13     1   2  2  

PowerPlay Forward 
   Center                   Left Wing                Right Wing               Time % Phy DF OF 
 1 Marc-Andre Cliche        Dany Heatley             Tim Jackman              60     1   2  2  
 2 Nick Drazenovic          Patrick Bordeleau        Spencer Abbott           40     1   2  2  

PowerPlay Defense
   Defense                  Defense                                           Time % Phy DF OF 
 1 Grant Clitsome           Chris Breen                                       60     1   2  2  
 2 Dylan DeMelo             Garrett Noonan                                    40     1   2  2  

Penalty Kill 4 Players Forward 
   Center                   Wing                     Time % Phy DF OF 
 1 Marc-Andre Cliche        Tim Jackman              60     1   2  2  
 2 Dany Heatley             Patrick Bordeleau        40     1   2  2  

Penalty Kill 4 Players Defense
   Defense                  Defense                  Time % Phy DF OF 
 1 Grant Clitsome           Chris Breen              60     1   2  2  
 2 Dylan DeMelo             Garrett Noonan           40     1   2  2  

Penalty Kill - 3 Players Forward 
   Forward                                           Time % Phy DF OF 
 1 Marc-Andre Cliche                                 60     1   2  2  
 2 Tim Jackman                                       40     1   2  2  

Penalty Kill - 3 Players Defense
   Defense                  Defense                  Time % Phy DF OF 
 1 Grant Clitsome           Chris Breen              60     1   2  2  
 2 Dylan DeMelo             Garrett Noonan           40     1   2  2  

4 vs 4 Forward 
   Center                   Wing                     Time % Phy DF OF 
 1 Marc-Andre Cliche        Tim Jackman              60     1   2  2  
 2 Dany Heatley             Patrick Bordeleau        40     1   2  2  

4 vs 4 Defense
   Defense                  Defense                  Time % Phy DF OF 
 1 Grant Clitsome           Chris Breen              60     1   2  2  
 2 Dylan DeMelo             Garrett Noonan           40     1   2  2  

Last Minutes Offensive
   Center                   Left Wing                Right Wing               Defense                  Defense                  
   Marc-Andre Cliche        Dany Heatley             Tim Jackman              Grant Clitsome           Chris Breen              

Last Minutes Defensive
   Center                   Left Wing                Right Wing               Defense                  Defense                  
   Marc-Andre Cliche        Dany Heatley             Tim Jackman              Grant Clitsome           Chris Breen              

Goaltenders
Starting : Petr Mrazek              
Backup : Jason LaBarbera          

Extra Forwards
Normal : Petri Kontiola, Justin Hodgman, Jerome Samson - PP : Petri Kontiola, Justin Hodgman - PK : Jerome Samson
Extra Defensemen
Normal : Jake Chelios, Daniel Maggio, Dylan DeMelo - PP : Jake Chelios - PK : Daniel Maggio, Dylan DeMelo
Penalty Shots
Marc-Andre Cliche, Tim Jackman, Dany Heatley, Patrick Bordeleau, Spencer Abbott

% Time on Ice - Phantoms

Lines # - Real PCT - Wanted PCT - Time Play
Normal Forward
1 - 25% - 35% - 11:08
2 - 33% - 30% - 14:46
3 - 28% - 22% - 12:32
4 - 13% - 13% - 5:42
Normal Defense
1 - 34% - 35% - 15:12
2 - 35% - 30% - 15:37
3 - 22% - 22% - 9:39
4 - 8% - 13% - 3:40
PP Forward
1 - 53% - 60% - 5:17
2 - 47% - 40% - 4:38
PP Defense
1 - 56% - 60% - 5:34
2 - 44% - 40% - 4:21
PK Forward
1 - 78% - 60% - 4:40
2 - 22% - 40% - 1:17
PK Defense
1 - 58% - 60% - 3:27
2 - 42% - 40% - 2:30
PK3 Forward
1 - 0% - 60%
2 - 0% - 40%
PK3 Defense
1 - 0% - 60%
2 - 0% - 40%
44 Forward
1 - 91% - 60% - 4:32
2 - 9% - 40% - 0:28
44 Defense
1 - 58% - 60% - 2:55
2 - 42% - 40% - 2:05
Last Minute Offensive  - 0:00
Last Minute Defensive  - 0:00
Total
Forward - 65:00
Defense - 65:00

% Time on Ice - Americans

Lines # - Real PCT - Wanted PCT - Time Play
Normal Forward
1 - 31% - 35% - 13:30
2 - 31% - 30% - 13:51
3 - 27% - 22% - 11:54
4 - 11% - 13% - 4:53
Normal Defense
1 - 36% - 35% - 15:49
2 - 34% - 30% - 15:11
3 - 22% - 22% - 9:38
4 - 8% - 13% - 3:30
PP Forward
1 - 54% - 60% - 3:11
2 - 46% - 40% - 2:46
PP Defense
1 - 43% - 60% - 2:35
2 - 57% - 40% - 3:22
PK Forward
1 - 75% - 60% - 7:28
2 - 25% - 40% - 2:27
PK Defense
1 - 55% - 60% - 5:27
2 - 45% - 40% - 4:28
PK3 Forward
1 - 0% - 60%
2 - 0% - 40%
PK3 Defense
1 - 0% - 60%
2 - 0% - 40%
44 Forward
1 - 100% - 60% - 5:00
2 - 0% - 40% - 0:00
44 Defense
1 - 67% - 60% - 3:21
2 - 33% - 40% - 1:39
Last Minute Offensive  - 0:00
Last Minute Defensive  - 0:00
Total
Forward - 65:00
Defense - 65:00

Play by Play

1st period


0:01 of 1st period - Marc-Andre Cliche wins face-off versus Byron Froese in neutral zone.
0:06 of 1st period - Deryk Engelland beats up Tim Jackman.
0:06 of 1st period - Penalty to Tim Jackman for Fighting.
0:06 of 1st period - Penalty to Deryk Engelland for Fighting.
0:07 of 1st period - Bryan Lerg wins face-off versus Nick Drazenovic in Phantoms zone.
0:18 of 1st period - Bryan Lerg is hit by Nick Drazenovic.
0:21 of 1st period - Off-side.
0:22 of 1st period - Nick Drazenovic wins face-off versus Bryan Lerg in neutral zone.
0:37 of 1st period - Wrist shot by Patrick Bordeleau.
0:37 of 1st period - Stopped by Marek Mazanec with a rebound.
0:39 of 1st period - Snap shot by Dylan DeMelo.
0:39 of 1st period - Deflect By Nick Drazenovic.
0:39 of 1st period - Shot Blocked by Bryan Lerg.
0:39 of 1st period - Puck is out of play.
0:40 of 1st period - Justin Hodgman wins face-off versus Chris Langkow in Phantoms zone.
0:57 of 1st period - Snap shot by Justin Hodgman.
0:57 of 1st period - Stopped by Marek Mazanec with a rebound.
0:59 of 1st period - Snap shot by Nick Sorkin.
0:59 of 1st period - Shot Misses the Net.
1:08 of 1st period - Minor Penalty to Jake Chelios for Interference.
1:09 of 1st period - Marc-Andre Cliche wins face-off versus Byron Froese in Americans zone.
1:28 of 1st period - Snap shot by Garrett Wilson.
1:28 of 1st period - Stopped by Petr Mrazek with a rebound.
1:30 of 1st period - Slapshot by Erik Burgdoerfer.
1:30 of 1st period - Stopped by Petr Mrazek without a rebound.
1:31 of 1st period - Marc-Andre Cliche wins face-off versus Bryan Lerg in Americans zone.
1:56 of 1st period - Snap shot by Tom Sestito.
1:56 of 1st period - Stopped by Petr Mrazek without a rebound.
1:57 of 1st period - Byron Froese wins face-off versus Marc-Andre Cliche in Americans zone.
2:30 of 1st period - Snap shot by Garrett Wilson.
2:30 of 1st period - Shot Misses the Net.
3:08 of 1st period - Penalty to Jake Chelios is over, Jake Chelios is back on ice.
3:16 of 1st period - Snap shot by Dany Heatley.
3:16 of 1st period - Shot Blocked by Erik Burgdoerfer.
4:10 of 1st period - Chris Langkow is hit by Kevin Sundher and loses puck.
5:02 of 1st period - Wrist shot by Garrett Wilson.
5:02 of 1st period - Stopped by Petr Mrazek with a rebound.
5:31 of 1st period - Wrist shot by Deryk Engelland.
5:31 of 1st period - Shot Hit the Post.
5:59 of 1st period - Snap shot by Spencer Abbott.
5:59 of 1st period - Stopped by Marek Mazanec without a rebound.
6:00 of 1st period - Byron Froese wins face-off versus Kevin Sundher in Phantoms zone.
6:35 of 1st period - Slapshot by Tom Sestito.
6:35 of 1st period - Stopped by Petr Mrazek without a rebound.
6:36 of 1st period - Nick Drazenovic wins face-off versus Bryan Lerg in Americans zone.
6:45 of 1st period - Garrett Noonan is hit by Cody Bass and loses puck.
7:32 of 1st period - Slapshot by Tim Jackman.
7:32 of 1st period - Shot Blocked by Stephen Johns.
7:34 of 1st period - Slapshot by Grant Clitsome.
7:34 of 1st period - Shot Blocked by Chris Neil.
7:49 of 1st period - Deryk Engelland beats up Chris Breen.
7:49 of 1st period - Penalty to Chris Breen for Fighting.
7:49 of 1st period - Penalty to Deryk Engelland for Fighting.
7:50 of 1st period - Nick Sorkin wins face-off versus Bryan Lerg in Americans zone.
7:55 of 1st period - Wrist shot by Justin Hodgman.
7:55 of 1st period - Shot Misses the Net.
7:57 of 1st period - Snap shot by Dylan DeMelo.
7:57 of 1st period - Shot Misses the Net.
8:05 of 1st period - Snap shot by Justin Hodgman.
8:05 of 1st period - Shot Blocked by Martin Gernat.
8:29 of 1st period - Wrist shot by Nick Drazenovic.
8:29 of 1st period - Stopped by Marek Mazanec with a rebound.
8:31 of 1st period - Snap shot by Patrick Bordeleau.
8:31 of 1st period - Shot Blocked by Martin Gernat.
8:33 of 1st period - Slapshot by Nick Drazenovic.
8:33 of 1st period - Stopped by Marek Mazanec without a rebound.
8:34 of 1st period - Nick Drazenovic wins face-off versus Chris Langkow in Phantoms zone.
8:45 of 1st period - Wrist shot by Justin Mercier.
8:45 of 1st period - Deflect By Chris Langkow.
8:45 of 1st period - Shot Misses the Net.
8:45 of 1st period - Puck is out of play.
8:46 of 1st period - Marc-Andre Cliche wins face-off versus Chris Langkow in Americans zone.
9:46 of 1st period - Wrist shot by Garrett Wilson.
9:46 of 1st period - Shot Misses the Net.
9:48 of 1st period - Backhand shot by Martin Gernat.
9:48 of 1st period - Shot Misses the Net.
10:15 of 1st period - Minor Penalty to Dylan DeMelo for Roughing.
10:16 of 1st period - Marc-Andre Cliche wins face-off versus Cody Bass in Americans zone.
10:24 of 1st period - Slapshot by Tim Jackman.
10:24 of 1st period - Stopped by Marek Mazanec with a rebound.
10:32 of 1st period - Snap shot by Stephen Johns.
10:32 of 1st period - Deflect By Tim Jackman.
10:32 of 1st period - Stopped by Petr Mrazek without a rebound.
10:33 of 1st period - Marc-Andre Cliche wins face-off versus Tom Sestito in Americans zone.
10:46 of 1st period - Snap shot by Bryan Lerg.
10:46 of 1st period - Deflect By Tom Sestito.
10:46 of 1st period - Stopped by Petr Mrazek with a rebound.
10:48 of 1st period - Slapshot by Stephen Johns.
10:48 of 1st period - Shot Blocked by Marc-Andre Cliche.
10:50 of 1st period - Snap shot by Keegan Lowe.
10:50 of 1st period - Stopped by Petr Mrazek with a rebound.
10:52 of 1st period - Slapshot by Stephen Johns.
10:52 of 1st period - Deflect By Bryan Lerg.
10:52 of 1st period - Stopped by Petr Mrazek with a rebound.
11:26 of 1st period - Wrist shot by Garrett Wilson.
11:26 of 1st period - Shot Blocked by Garrett Noonan.
11:58 of 1st period - Byron Froese is hit by Tim Jackman and loses puck.
12:15 of 1st period - Penalty to Dylan DeMelo is over, Dylan DeMelo is back on ice.
12:27 of 1st period - Snap shot by Justin Mercier.
12:27 of 1st period - Stopped by Petr Mrazek with a rebound.
12:29 of 1st period - Slapshot by Stephen Johns.
12:29 of 1st period - Deflect By Justin Mercier.
12:29 of 1st period - Stopped by Petr Mrazek with a rebound.
12:31 of 1st period - Snap shot by Chris Langkow.
12:31 of 1st period - Stopped by Petr Mrazek with a rebound.
12:33 of 1st period - Slapshot by Justin Mercier.
12:33 of 1st period - Stopped by Petr Mrazek with a rebound.
12:35 of 1st period - Backhand shot by Keegan Lowe.
12:35 of 1st period - Stopped by Petr Mrazek with a rebound.
12:59 of 1st period - Snap shot by Justin Hodgman.
12:59 of 1st period - Deflect By Nick Sorkin.
12:59 of 1st period - Stopped by Marek Mazanec without a rebound.
13:00 of 1st period - Nathan Longpre wins face-off versus Justin Hodgman in Phantoms zone.
13:17 of 1st period - Snap shot by Justin Hodgman.
13:17 of 1st period - Stopped by Marek Mazanec without a rebound.
13:18 of 1st period - Nick Drazenovic wins face-off versus Nathan Longpre in Phantoms zone.
13:23 of 1st period - Wrist shot by Nick Drazenovic.
13:23 of 1st period - Stopped by Marek Mazanec without a rebound.
13:24 of 1st period - Nick Drazenovic wins face-off versus Cody Bass in Phantoms zone.
14:04 of 1st period - Grant Clitsome is hit by Tom Sestito.
14:16 of 1st period - Snap shot by Justin Mercier.
14:16 of 1st period - Shot Misses the Net.
14:18 of 1st period - Snap shot by Stephen Johns.
14:18 of 1st period - Shot Blocked by Grant Clitsome.
14:20 of 1st period - Snap shot by FARM PLAYER10.
14:20 of 1st period - Deflect By Chris Langkow.
14:20 of 1st period - Shot Blocked by Jerome Samson.
14:20 of 1st period - Puck is out of play.
14:21 of 1st period - Justin Hodgman wins face-off versus Chris Langkow in Americans zone.
14:23 of 1st period - Icing by Nick Sorkin.
14:24 of 1st period - Justin Hodgman wins face-off versus Chris Langkow in Americans zone.
14:24 of 1st period - Justin Hodgman is hit by Keegan Lowe.
15:22 of 1st period - Icing by Tim Jackman.
15:23 of 1st period - Marc-Andre Cliche wins face-off versus Byron Froese in Americans zone.
15:38 of 1st period - Snap shot by Tim Jackman.
15:38 of 1st period - Stopped by Marek Mazanec with a rebound.
16:12 of 1st period - Patrick Bordeleau is hit by Bryan Lerg and loses puck.
16:31 of 1st period - Snap shot by Nick Drazenovic.
16:31 of 1st period - Stopped by Marek Mazanec without a rebound.
16:32 of 1st period - Justin Hodgman wins face-off versus Chris Langkow in Phantoms zone.
16:44 of 1st period - Grant Clitsome is hit by Deryk Engelland and loses puck.
17:24 of 1st period - Jerome Samson is hit by Chris Neil and loses puck.
17:29 of 1st period - Wrist shot by Byron Froese.
17:29 of 1st period - Stopped by Petr Mrazek with a rebound.
17:31 of 1st period - Slapshot by Chris Neil.
17:31 of 1st period - Stopped by Petr Mrazek without a rebound.
17:32 of 1st period - Bryan Lerg wins face-off versus Marc-Andre Cliche in Americans zone.
17:34 of 1st period - Tim Jackman and Tom Sestito fight to a draw.
17:34 of 1st period - Penalty to Tim Jackman for Fighting.
17:34 of 1st period - Penalty to Tom Sestito for Fighting.
17:34 of 1st period - Penalty to Tom Sestito for instigated a fight.
17:34 of 1st period - Penalty to Tom Sestito for instigated a fight.
17:35 of 1st period - Marc-Andre Cliche wins face-off versus Chris Neil in Americans zone.
17:40 of 1st period - Dany Heatley is hit by Chris Neil and loses puck.
19:08 of 1st period - Keegan Lowe is hit by Garrett Noonan and loses puck.
19:17 of 1st period - Bryan Lerg is hit by Petri Kontiola and loses puck.
19:30 of 1st period - Snap shot by Patrick Bordeleau.
19:30 of 1st period - Stopped by Marek Mazanec without a rebound.
19:31 of 1st period - Nick Drazenovic wins face-off versus Nathan Longpre in Phantoms zone.
19:32 of 1st period - Slapshot by Grant Clitsome.
19:32 of 1st period - Shot Misses the Net.
19:34 of 1st period - Penalty to Tom Sestito is over, FARM PLAYER10 is send on ice.
19:34 of 1st period - Snap shot by Grant Clitsome.
19:34 of 1st period - Shot Misses the Net.
19:36 of 1st period - Snap shot by Patrick Bordeleau.
19:36 of 1st period - Shot Misses the Net.
19:38 of 1st period - Slapshot by Grant Clitsome.
19:38 of 1st period - Shot Blocked by FARM PLAYER10.
19:40 of 1st period - Wrist shot by Grant Clitsome.
19:40 of 1st period - Stopped by Marek Mazanec with a rebound.
Goals for this period are 0 for Phantoms vs 0 for Americans.
Shots for this period are 16 for Phantoms vs 13 for Americans.

2nd period


0:01 of 2nd period - Byron Froese wins face-off versus Marc-Andre Cliche in neutral zone.
0:25 of 2nd period - Minor Penalty to Chris Neil for Holding.
0:26 of 2nd period - Nathan Longpre wins face-off versus Nick Drazenovic in Phantoms zone.
0:26 of 2nd period - Nathan Longpre is hit by Grant Clitsome.
0:37 of 2nd period - Slapshot by Grant Clitsome.
0:37 of 2nd period - Stopped by Marek Mazanec with a rebound.
1:02 of 2nd period - Wrist shot by Patrick Bordeleau.
1:02 of 2nd period - Shot Blocked by Deryk Engelland.
1:21 of 2nd period - Marc-Andre Cliche is hit by Byron Froese and loses puck.
2:07 of 2nd period - Nathan Longpre is hit by Dany Heatley and loses puck.
2:21 of 2nd period - Icing by Patrick Bordeleau.
2:22 of 2nd period - Nick Drazenovic wins face-off versus Garrett Wilson in Americans zone.
2:25 of 2nd period - Penalty to Chris Neil is over, Chris Neil is back on ice.
2:33 of 2nd period - Wrist shot by Bryan Lerg.
2:33 of 2nd period - Shot Misses the Net.
2:39 of 2nd period - Garrett Wilson is hit by Grant Clitsome and loses puck.
3:07 of 2nd period - Slapshot by Daniel Maggio.
3:07 of 2nd period - Shot Blocked by Stephen Johns.
3:09 of 2nd period - Snap shot by Jerome Samson.
3:09 of 2nd period - Stopped by Marek Mazanec with a rebound.
3:11 of 2nd period - Snap shot by Nick Sorkin.
3:11 of 2nd period - Shot Misses the Net.
3:13 of 2nd period - Snap shot by Nick Sorkin.
3:13 of 2nd period - Shot Misses the Net.
3:15 of 2nd period - Snap shot by Nick Sorkin.
3:15 of 2nd period - Stopped by Marek Mazanec with a rebound.
3:17 of 2nd period - Snap shot by Jake Chelios.
3:17 of 2nd period - Stopped by Marek Mazanec with a rebound.
3:26 of 2nd period - Off-side.
3:27 of 2nd period - Chris Langkow wins face-off versus Kevin Sundher in neutral zone.
3:32 of 2nd period - Slapshot by Steve McCarthy.
3:32 of 2nd period - Deflect By FARM PLAYER10.
3:32 of 2nd period - Shot Misses the Net.
3:32 of 2nd period - Puck is out of play.
3:33 of 2nd period - Chris Langkow wins face-off versus Kevin Sundher in Americans zone.
3:56 of 2nd period - Slapshot by Justin Mercier.
3:56 of 2nd period - Stopped by Petr Mrazek without a rebound.
3:57 of 2nd period - Nick Drazenovic wins face-off versus Nathan Longpre in Americans zone.
4:22 of 2nd period - Wrist shot by Grant Clitsome.
4:22 of 2nd period - Goal by Grant Clitsome - Phantoms : 0 - Americans : 1.
4:23 of 2nd period - Justin Hodgman wins face-off versus Mitch Moroz in neutral zone.
4:26 of 2nd period - Slapshot by Nick Sorkin.
4:26 of 2nd period - Deflect By Bryan Lerg.
4:26 of 2nd period - Shot Misses the Net.
4:26 of 2nd period - Puck is out of play.
4:27 of 2nd period - Bryan Lerg wins face-off versus Justin Hodgman in Phantoms zone.
4:44 of 2nd period - Wrist shot by Bryan Lerg.
4:44 of 2nd period - Shot Misses the Net.
4:46 of 2nd period - Slapshot by Deryk Engelland.
4:46 of 2nd period - Shot Misses the Net.
4:50 of 2nd period - Slapshot by Mitch Moroz.
4:50 of 2nd period - Deflect By Nick Sorkin.
4:50 of 2nd period - Shot Misses the Net.
4:50 of 2nd period - Puck is out of play.
4:51 of 2nd period - Marc-Andre Cliche wins face-off versus Byron Froese in Americans zone.
5:46 of 2nd period - Stephen Johns beats up Patrick Bordeleau.
5:46 of 2nd period - Penalty to Patrick Bordeleau for Fighting.
5:46 of 2nd period - Penalty to Stephen Johns for Fighting.
5:47 of 2nd period - Cody Bass wins face-off versus Nick Drazenovic in Phantoms zone.
5:47 of 2nd period - Cody Bass is hit by Petri Kontiola.
6:01 of 2nd period - Slapshot by Deryk Engelland.
6:01 of 2nd period - Stopped by Petr Mrazek without a rebound.
6:02 of 2nd period - Nick Drazenovic wins face-off versus Cody Bass in Americans zone.
6:49 of 2nd period - Slapshot by Garrett Wilson.
6:49 of 2nd period - Deflect By Byron Froese.
6:49 of 2nd period - Stopped by Petr Mrazek with a rebound.
6:51 of 2nd period - Slapshot by Steve McCarthy.
6:51 of 2nd period - Stopped by Petr Mrazek without a rebound.
6:52 of 2nd period - Byron Froese wins face-off versus Marc-Andre Cliche in Americans zone.
6:53 of 2nd period - Wrist shot by Garrett Wilson.
6:53 of 2nd period - Shot Blocked by Jake Chelios.
7:54 of 2nd period - Snap shot by Justin Hodgman.
7:54 of 2nd period - Shot Misses the Net.
7:56 of 2nd period - Slapshot by Grant Clitsome.
7:56 of 2nd period - Shot Blocked by Steve McCarthy.
8:28 of 2nd period - Slapshot by Grant Clitsome.
8:28 of 2nd period - Shot Blocked by Mitch Moroz.
8:32 of 2nd period - Slapshot by Grant Clitsome.
8:32 of 2nd period - Shot Misses the Net.
8:54 of 2nd period - Garrett Noonan is hit by Nathan Longpre.
9:11 of 2nd period - Petri Kontiola is hit by Keegan Lowe and loses puck.
9:40 of 2nd period - Erik Burgdoerfer is hit by Tim Jackman.
10:08 of 2nd period - Minor Penalty to Tim Jackman for Interference.
10:09 of 2nd period - Byron Froese wins face-off versus Jerome Samson in Americans zone.
10:18 of 2nd period - Snap shot by Garrett Wilson.
10:18 of 2nd period - Stopped by Petr Mrazek without a rebound.
10:19 of 2nd period - Byron Froese wins face-off versus Marc-Andre Cliche in Americans zone.
10:22 of 2nd period - Wrist shot by Garrett Wilson.
10:22 of 2nd period - Deflect By Byron Froese.
10:22 of 2nd period - Stopped by Petr Mrazek without a rebound.
10:23 of 2nd period - Marc-Andre Cliche wins face-off versus Garrett Wilson in Americans zone.
10:46 of 2nd period - Penalty to Patrick Bordeleau is over, Patrick Bordeleau is back on ice.
10:54 of 2nd period - Martin Gernat is hit by Grant Clitsome and loses puck.
11:05 of 2nd period - Patrick Bordeleau is hit by Mitch Moroz and loses puck.
11:14 of 2nd period - Wrist shot by Bryan Lerg.
11:14 of 2nd period - Shot Misses the Net.
12:08 of 2nd period - Penalty to Tim Jackman is over, Tim Jackman is back on ice.
12:12 of 2nd period - Stephen Johns is hit by Tim Jackman and loses puck.
12:34 of 2nd period - 10 Minutes Misconduct Penalty to Tom Sestito is over.
13:13 of 2nd period - Steve McCarthy is hit by Kevin Sundher and loses puck.
13:47 of 2nd period - Icing by Petri Kontiola.
13:48 of 2nd period - Justin Hodgman wins face-off versus Byron Froese in Americans zone.
13:48 of 2nd period - Justin Hodgman is hit by Keegan Lowe.
13:55 of 2nd period - Off-side.
13:56 of 2nd period - Justin Hodgman wins face-off versus Byron Froese in neutral zone.
13:58 of 2nd period - Chris Breen and Stephen Johns fight to a draw.
13:58 of 2nd period - Penalty to Chris Breen for Fighting.
13:58 of 2nd period - Penalty to Stephen Johns for Fighting.
13:59 of 2nd period - Marc-Andre Cliche wins face-off versus FARM PLAYER10 in Phantoms zone.
14:00 of 2nd period - Slapshot by Grant Clitsome.
14:00 of 2nd period - Shot Misses the Net.
15:03 of 2nd period - Backhand shot by Tom Sestito.
15:03 of 2nd period - Shot Blocked by Dylan DeMelo.
15:05 of 2nd period - Snap shot by Keegan Lowe.
15:05 of 2nd period - Stopped by Petr Mrazek with a rebound.
15:07 of 2nd period - Slapshot by Bryan Lerg.
15:07 of 2nd period - Shot Blocked by Dylan DeMelo.
15:09 of 2nd period - Slapshot by Erik Burgdoerfer.
15:09 of 2nd period - Shot Blocked by Nick Drazenovic.
15:38 of 2nd period - Snap shot by Garrett Wilson.
15:38 of 2nd period - Stopped by Petr Mrazek without a rebound.
15:39 of 2nd period - Denver Manderson wins face-off versus Justin Hodgman in Americans zone.
16:09 of 2nd period - Wrist shot by Grant Clitsome.
16:09 of 2nd period - Shot Misses the Net.
16:27 of 2nd period - Martin Gernat is hit by Grant Clitsome and loses puck.
16:50 of 2nd period - Snap shot by Nick Drazenovic.
16:50 of 2nd period - Stopped by Marek Mazanec without a rebound.
16:51 of 2nd period - Nick Drazenovic wins face-off versus Bryan Lerg in Phantoms zone.
17:26 of 2nd period - Snap shot by Tim Jackman.
17:26 of 2nd period - Stopped by Marek Mazanec with a rebound.
17:55 of 2nd period - Deryk Engelland is hit by Nick Sorkin and loses puck.
18:08 of 2nd period - Byron Froese is hit by Nick Sorkin and loses puck.
18:38 of 2nd period - Minor Penalty to Daniel Maggio for Hooking.
18:39 of 2nd period - Bryan Lerg wins face-off versus Marc-Andre Cliche in Americans zone.
18:48 of 2nd period - Icing by Bryan Lerg.
18:49 of 2nd period - Bryan Lerg wins face-off versus Marc-Andre Cliche in Phantoms zone.
18:58 of 2nd period - Penalty to Chris Breen is over, Chris Breen is back on ice.
19:49 of 2nd period - Snap shot by Deryk Engelland.
19:49 of 2nd period - Shot Blocked by Dany Heatley.
19:59 of 2nd period - Byron Froese is hit by Dany Heatley.
Goals for this period are 0 for Phantoms vs 1 for Americans.
Shots for this period are 8 for Phantoms vs 7 for Americans.

3rd period


0:01 of 3rd period - Byron Froese wins face-off versus Marc-Andre Cliche in neutral zone.
0:23 of 3rd period - Wrist shot by Garrett Wilson.
0:23 of 3rd period - Shot Misses the Net.
0:25 of 3rd period - Slapshot by Deryk Engelland.
0:25 of 3rd period - Shot Blocked by Marc-Andre Cliche.
0:27 of 3rd period - Slapshot by Martin Gernat.
0:27 of 3rd period - Shot Misses the Net.
0:29 of 3rd period - Slapshot by Martin Gernat.
0:29 of 3rd period - Shot Hit the Post.
0:38 of 3rd period - Penalty to Daniel Maggio is over, Daniel Maggio is back on ice.
1:24 of 3rd period - Minor Penalty to Dylan DeMelo for Tripping.
1:25 of 3rd period - Marc-Andre Cliche wins face-off versus Byron Froese in Americans zone.
1:25 of 3rd period - Marc-Andre Cliche is hit by Chris Neil.
1:49 of 3rd period - Snap shot by Garrett Wilson.
1:49 of 3rd period - Shot Blocked by Chris Breen.
1:51 of 3rd period - Snap shot by Chris Neil.
1:51 of 3rd period - Shot Misses the Net.
2:15 of 3rd period - Slapshot by Deryk Engelland.
2:15 of 3rd period - Stopped by Petr Mrazek with a rebound.
2:35 of 3rd period - Marc-Andre Cliche is hit by Byron Froese and loses puck.
2:56 of 3rd period - Wrist shot by Bryan Lerg.
2:56 of 3rd period - Stopped by Petr Mrazek with a rebound.
2:58 of 3rd period - Slapshot by Stephen Johns.
2:58 of 3rd period - Stopped by Petr Mrazek with a rebound.
3:00 of 3rd period - Slapshot by Deryk Engelland.
3:00 of 3rd period - Deflect By Bryan Lerg.
3:00 of 3rd period - Deflect By Patrick Bordeleau.
3:00 of 3rd period - Shot Misses the Net.
3:00 of 3rd period - Puck is out of play.
3:01 of 3rd period - Dany Heatley wins face-off versus Bryan Lerg in Americans zone.
3:22 of 3rd period - Deryk Engelland is hit by Dany Heatley and loses puck.
3:24 of 3rd period - Penalty to Dylan DeMelo is over, Dylan DeMelo is back on ice.
3:45 of 3rd period - Snap shot by Chris Langkow.
3:45 of 3rd period - Deflect By FARM PLAYER10.
3:45 of 3rd period - Shot Misses the Net.
3:45 of 3rd period - Puck is out of play.
3:46 of 3rd period - Justin Hodgman wins face-off versus Chris Langkow in Americans zone.
4:16 of 3rd period - Off-side.
4:17 of 3rd period - Nick Drazenovic wins face-off versus Tom Sestito in neutral zone.
4:20 of 3rd period - Snap shot by Patrick Bordeleau.
4:20 of 3rd period - Stopped by Marek Mazanec with a rebound.
4:38 of 3rd period - Wrist shot by Bryan Lerg.
4:38 of 3rd period - Stopped by Petr Mrazek with a rebound.
5:08 of 3rd period - Nathan Longpre is hit by Ruslan Fedotenko and loses puck.
5:48 of 3rd period - Slapshot by Justin Mercier.
5:48 of 3rd period - Stopped by Petr Mrazek without a rebound.
5:49 of 3rd period - Marc-Andre Cliche wins face-off versus Bryan Lerg in Americans zone.
6:54 of 3rd period - Garrett Noonan is hit by Justin Mercier and loses puck.
7:59 of 3rd period - Stephen Johns beats up Tim Jackman.
7:59 of 3rd period - Penalty to Tim Jackman for Fighting.
7:59 of 3rd period - Tim Jackman is ejected from game.
7:59 of 3rd period - Penalty to Stephen Johns for Fighting.
7:59 of 3rd period - Stephen Johns is ejected from game.
7:59 of 3rd period - Penalty to Stephen Johns for instigated a fight.
7:59 of 3rd period - Penalty to Stephen Johns for instigated a fight.
8:00 of 3rd period - Nick Drazenovic wins face-off versus Byron Froese in Phantoms zone.
8:01 of 3rd period - Slapshot by Grant Clitsome.
8:01 of 3rd period - Stopped by Marek Mazanec with a rebound.
8:13 of 3rd period - Slapshot by Grant Clitsome.
8:13 of 3rd period - Deflect By Byron Froese.
8:13 of 3rd period - Stopped by Marek Mazanec without a rebound.
8:14 of 3rd period - Chris Neil wins face-off versus Patrick Bordeleau in Phantoms zone.
9:03 of 3rd period - Byron Froese is hit by Petri Kontiola and loses puck.
9:59 of 3rd period - Penalty to Stephen Johns is over, FARM PLAYER10 is send on ice.
9:59 of 3rd period - Marc-Andre Cliche is hit by Steve McCarthy and loses puck.
10:08 of 3rd period - Justin Hodgman is hit by Steve McCarthy and loses puck.
10:59 of 3rd period - Daniel Maggio is hit by Keegan Lowe and loses puck.
11:06 of 3rd period - Wrist shot by Bryan Lerg.
11:06 of 3rd period - Shot Blocked by Nick Sorkin.
11:08 of 3rd period - Slapshot by Deryk Engelland.
11:08 of 3rd period - Shot Blocked by Jake Chelios.
11:10 of 3rd period - Slapshot by Bryan Lerg.
11:10 of 3rd period - Shot Blocked by Nick Sorkin.
11:12 of 3rd period - Slapshot by Martin Gernat.
11:12 of 3rd period - Stopped by Petr Mrazek without a rebound.
11:13 of 3rd period - Nick Drazenovic wins face-off versus Bryan Lerg in Americans zone.
11:13 of 3rd period - Nick Drazenovic is hit by Tom Sestito.
11:21 of 3rd period - Slapshot by Grant Clitsome.
11:21 of 3rd period - Stopped by Marek Mazanec without a rebound.
11:22 of 3rd period - Nathan Longpre wins face-off versus Nick Drazenovic in Phantoms zone.
11:26 of 3rd period - Deryk Engelland is hit by Patrick Bordeleau and loses puck.
12:07 of 3rd period - Snap shot by Kevin Sundher.
12:07 of 3rd period - Shot Misses the Net.
12:49 of 3rd period - Tom Sestito is hit by Nick Drazenovic and loses puck.
12:53 of 3rd period - Tom Sestito beats up Patrick Bordeleau.
12:53 of 3rd period - Penalty to Patrick Bordeleau for Fighting.
12:53 of 3rd period - Penalty to Tom Sestito for Fighting.
12:54 of 3rd period - Bryan Lerg wins face-off versus Marc-Andre Cliche in Phantoms zone.
13:05 of 3rd period - Keegan Lowe is hit by Petri Kontiola and loses puck.
13:10 of 3rd period - Slapshot by Grant Clitsome.
13:10 of 3rd period - Shot Blocked by Bryan Lerg.
13:25 of 3rd period - Slapshot by Grant Clitsome.
13:25 of 3rd period - Shot Blocked by Bryan Lerg.
13:27 of 3rd period - Slapshot by Justin Hodgman.
13:27 of 3rd period - Shot Misses the Net.
13:29 of 3rd period - Slapshot by Grant Clitsome.
13:29 of 3rd period - Stopped by Marek Mazanec with a rebound.
13:31 of 3rd period - Wrist shot by Chris Breen.
13:31 of 3rd period - Shot Blocked by Mitch Moroz.
13:42 of 3rd period - Wrist shot by Grant Clitsome.
13:42 of 3rd period - Shot Blocked by Erik Burgdoerfer.
13:44 of 3rd period - Wrist shot by Justin Hodgman.
13:44 of 3rd period - Stopped by Marek Mazanec without a rebound.
13:45 of 3rd period - Nick Drazenovic wins face-off versus Byron Froese in Phantoms zone.
13:49 of 3rd period - Garrett Noonan and Erik Burgdoerfer fight to a draw.
13:49 of 3rd period - Penalty to Garrett Noonan for Fighting.
13:49 of 3rd period - Penalty to Erik Burgdoerfer for Fighting.
13:50 of 3rd period - Byron Froese wins face-off versus Nick Drazenovic in neutral zone.
14:11 of 3rd period - Slapshot by Grant Clitsome.
14:11 of 3rd period - Shot Misses the Net.
14:15 of 3rd period - Wrist shot by Spencer Abbott.
14:15 of 3rd period - Stopped by Marek Mazanec with a rebound.
14:17 of 3rd period - Wrist shot by Spencer Abbott.
14:17 of 3rd period - Shot Blocked by Garrett Wilson.
14:19 of 3rd period - Slapshot by Grant Clitsome.
14:19 of 3rd period - Shot Blocked by Martin Gernat.
14:21 of 3rd period - Slapshot by Spencer Abbott.
14:21 of 3rd period - Stopped by Marek Mazanec with a rebound.
14:23 of 3rd period - Snap shot by Petri Kontiola.
14:23 of 3rd period - Shot Blocked by Deryk Engelland.
14:25 of 3rd period - Wrist shot by Spencer Abbott.
14:25 of 3rd period - Stopped by Marek Mazanec with a rebound.
14:27 of 3rd period - Slapshot by Grant Clitsome.
14:27 of 3rd period - Stopped by Marek Mazanec with a rebound.
14:56 of 3rd period - Dany Heatley is hit by Cody Bass and loses puck.
14:57 of 3rd period - Dany Heatley from Americans is injured at 14:57 of 3rd period (Sore Right Knee).
14:58 of 3rd period - Marc-Andre Cliche wins face-off versus Byron Froese in Americans zone.
15:16 of 3rd period - Off-side.
15:17 of 3rd period - Byron Froese wins face-off versus Marc-Andre Cliche in neutral zone.
15:27 of 3rd period - Chris Breen and Deryk Engelland fight to a draw.
15:27 of 3rd period - Penalty to Chris Breen for Fighting.
15:27 of 3rd period - Chris Breen is ejected from game.
15:27 of 3rd period - Penalty to Deryk Engelland for Fighting.
15:27 of 3rd period - Deryk Engelland is ejected from game.
15:28 of 3rd period - Byron Froese wins face-off versus Marc-Andre Cliche in Americans zone.
15:29 of 3rd period - Snap shot by Garrett Wilson.
15:29 of 3rd period - Shot Blocked by Grant Clitsome.
15:31 of 3rd period - Wrist shot by Chris Neil.
15:31 of 3rd period - Goal by Chris Neil - Phantoms : 1 - Americans : 1.
15:32 of 3rd period - Marc-Andre Cliche wins face-off versus Byron Froese in neutral zone.
16:47 of 3rd period - Nick Drazenovic is hit by Cody Bass.
16:51 of 3rd period - Wrist shot by Nick Drazenovic.
16:51 of 3rd period - Shot Blocked by Bryan Lerg.
17:21 of 3rd period - Justin Mercier is hit by Marc-Andre Cliche and loses puck.
18:01 of 3rd period - Wrist shot by Nathan Longpre.
18:01 of 3rd period - Shot Misses the Net.
18:03 of 3rd period - Wrist shot by Nathan Longpre.
18:03 of 3rd period - Stopped by Petr Mrazek with a rebound.
18:05 of 3rd period - Snap shot by Denver Manderson.
18:05 of 3rd period - Shot Misses the Net.
18:54 of 3rd period - Wrist shot by Patrick Bordeleau.
18:54 of 3rd period - Stopped by Marek Mazanec without a rebound.
18:55 of 3rd period - Byron Froese wins face-off versus Marc-Andre Cliche in Phantoms zone.
19:02 of 3rd period - Snap shot by Garrett Wilson.
19:02 of 3rd period - Shot Blocked by Marc-Andre Cliche.
19:27 of 3rd period - Icing by Nick Sorkin.
19:28 of 3rd period - Nathan Longpre wins face-off versus Petri Kontiola in Americans zone.
19:29 of 3rd period - Wrist shot by Denver Manderson.
19:29 of 3rd period - Shot Misses the Net.
19:37 of 3rd period - Slapshot by Daniel Maggio.
19:37 of 3rd period - Deflect By Nick Sorkin.
19:37 of 3rd period - Stopped by Marek Mazanec with a rebound.
Goals for this period are 1 for Phantoms vs 0 for Americans.
Shots for this period are 8 for Phantoms vs 12 for Americans.

Overtime #1


0:01 of 1st overtime period - Marc-Andre Cliche wins face-off versus Chris Neil in neutral zone.
0:04 of 1st overtime period - Slapshot by Grant Clitsome.
0:04 of 1st overtime period - Deflect By Chris Neil.
0:04 of 1st overtime period - Stopped by Marek Mazanec without a rebound.
0:05 of 1st overtime period - Marc-Andre Cliche wins face-off versus Chris Neil in Phantoms zone.
0:27 of 1st overtime period - Penalty to Chris Breen is over, Justin Hodgman is send on ice.
0:27 of 1st overtime period - Penalty to Deryk Engelland is over, Mitch Moroz is send on ice.
1:55 of 1st overtime period - Erik Burgdoerfer is hit by Dylan DeMelo and loses puck.
2:06 of 1st overtime period - Wrist shot by Byron Froese.
2:06 of 1st overtime period - Shot Misses the Net.
2:20 of 1st overtime period - Wrist shot by Nick Sorkin.
2:20 of 1st overtime period - Shot Blocked by Byron Froese.
2:40 of 1st overtime period - Wrist shot by Grant Clitsome.
2:40 of 1st overtime period - Shot Blocked by Keegan Lowe.
2:55 of 1st overtime period - Snap shot by Bryan Lerg.
2:55 of 1st overtime period - Deflect By Garrett Wilson.
2:55 of 1st overtime period - Stopped by Petr Mrazek without a rebound.
2:56 of 1st overtime period - Mitch Moroz wins face-off versus Marc-Andre Cliche in Americans zone.
2:57 of 1st overtime period - Snap shot by Martin Gernat.
2:57 of 1st overtime period - Stopped by Petr Mrazek with a rebound.
2:59 of 1st overtime period - 10 Minutes Misconduct Penalty to Stephen Johns is over.
4:12 of 1st overtime period - Nick Drazenovic is hit by Steve McCarthy and loses puck.
4:41 of 1st overtime period - Icing by Nick Drazenovic.
4:42 of 1st overtime period - Nick Drazenovic wins face-off versus Mitch Moroz in Americans zone.
4:48 of 1st overtime period - Off-side.
4:49 of 1st overtime period - Nick Drazenovic wins face-off versus Mitch Moroz in neutral zone.
Goals for this period are 0 for Phantoms vs 0 for Americans.
Shots for this period are 2 for Phantoms vs 1 for Americans.

ShootOut


5:00 of 1st overtime period - Penalty Shot by Garrett Wilson for Phantoms.
5:00 of 1st overtime period - Snap shot by Garrett Wilson.
5:00 of 1st overtime period - Goal by Garrett Wilson.
5:00 of 1st overtime period - Penalty Shot by Marc-Andre Cliche for Americans.
5:00 of 1st overtime period - Snap shot by Marc-Andre Cliche.
5:00 of 1st overtime period - Stopped by Marek Mazanec.
5:00 of 1st overtime period - Penalty Shot by Chris Neil for Phantoms.
5:00 of 1st overtime period - Deke by Chris Neil.
5:00 of 1st overtime period - Stopped by Petr Mrazek.
5:00 of 1st overtime period - Penalty Shot by Nick Drazenovic for Americans.
5:00 of 1st overtime period - Snap shot by Nick Drazenovic.
5:00 of 1st overtime period - Shot Misses the Net.
5:00 of 1st overtime period - Penalty Shot by Byron Froese for Phantoms.
5:00 of 1st overtime period - Wrist shot by Byron Froese.
5:00 of 1st overtime period - Shot Misses the Net.
5:00 of 1st overtime period - Penalty Shot by Spencer Abbott for Americans.
5:00 of 1st overtime period - Wrist shot by Spencer Abbott.
5:00 of 1st overtime period - Stopped by Marek Mazanec.